 Dungeon Crawl Stone Soup version 0.23-a0-607-g760965b7 (webtiles) character file.

265 zishaf the Chopper (level 6, -4/56 HPs)
             Began as a Hill Orc Monk on Dec 20, 2018.
             Killed from afar by an orc wizard (7 damage)
             ... with a puff of flame
             ... on level 4 of the Dungeon on Dec 21, 2018.
             The game lasted 00:05:10 (3005 turns).

zishaf the Chopper (Hill Orc Monk)                  Turns: 3005, Time: 00:05:11

Health: -4/56      AC: 11    Str: 16    XL:     6   Next: 20%
Magic:  6/6        EV:  3    Int: 10    God:
Gold:   180        SH:  0    Dex: 13    Spells: 5/5 levels left

rFire    . . .     SeeInvis .   a - +0 hand axe
rCold    . . .     Gourm    .   l - +2 shield
rNeg     . . .     Faith    .   e - +0 plate armour
rPois    .         Spirit   .   (no helmet)
rElec    .         Reflect  .   (no cloak)
rCorr    .         Harm     .   (no gloves)
MR       .....                  (no boots)
Stlth    ..........             (no amulet)
HPRegen  0.18/turn              (no ring)
MPRegen  0.10/turn              (no ring)

@: confused
A: no striking features
a: no special abilities


You were on level 4 of the Dungeon.
You were not hungry.

You visited 1 branch of the dungeon, and saw 4 of its levels.

You collected 180 gold pieces.

Inventory:

Hand Weapons
 a - a +0 hand axe (weapon)
Missiles
 g - 76 stones (quivered)
Armour
 e - a +0 plate armour (worn)
 l - a +2 shield (worn)
Scrolls
 f - 2 scrolls of blinking
 h - 4 scrolls of remove curse
 i - a scroll of enchant weapon {unknown}
 j - a scroll of amnesia {unknown}
 k - a scroll of fog {unknown}
 n - a scroll of teleportation {unknown}
 p - a scroll of noise {unknown}
 r - a scroll of magic mapping {unknown}
Potions
 b - a potion of ambrosia
 o - 2 potions of flight
 q - 2 potions of lignification
Comestibles
 c - 3 rations
 d - 4 chunks of flesh


   Skills:
 + Level 5.2 Fighting
 + Level 5.6 Axes
 + Level 2.8 Armour
 - Level 3.0 Dodging
 - Level 1.5 Stealth
 + Level 1.8 Shields


You had 5 spell levels left.
You didn't know any spells.
Your spell library was empty.

Dungeon Overview and Level Annotations

Branches:
Dungeon (4/15)
 Temple: D:4-7

Altars:
Cheibriados
Qazlal
Uskayaw
Wu Jian
Yredelemnul


Message History

You hear some strange, mumbled words.
A puff of flame appears from out of thin air!
Deactivating autopickup; reactivate with Ctrl-A.
The puff of flame hits you!
* * * LOW HITPOINT WARNING * * *
Your shield and plate armour prevent you from hitting something.
Something hits you but does no damage.
You hit something but do no damage. You block something's attack.
You miss something. Something completely misses you.
You hit something but do no damage.
You hear some strange, mumbled words.
You are confused.
You see here an orc corpse.
You hear some strange, mumbled words.
You are more confused.
You're too confused to move!
You hear some strange, mumbled words.
A puff of flame appears from out of thin air!
The puff of flame hits you!
You die...

................
.................
.................
................
..............# ..
............?####..
....................
.........†..........
........@)).........
........)...........
...........)).>....#
............).....##
...........))......#
.......<...........#
...........##.......
...........# .......
...######...##......


There were no monsters in sight!

Vanquished Creatures
  3 orc wizards (D:4)
  A worker ant (D:3)
  5 adders
  An ooze (D:2)
  A worm (D:3)
  3 dart slugs
  6 orcs (D:4)
  8 giant cockroaches
  7 goblins
  9 hobgoblins
  8 jackals (D:2)
  2 quokkas
  A ball python (D:2)
  7 bats
  4 frilled lizards
  8 kobolds
  20 rats
94 creatures vanquished.

Notes
Turn   | Place    | Note
-------+----------+-------------------------------------------
     0 | D:1      | zishaf the Hill Orc Monk began the quest for the Orb.
     0 | D:1      | Reached XP level 1. HP: 19/19 MP: 1/1
    91 | D:1      | Reached XP level 2. HP: 14/27 MP: 2/2
   415 | D:1      | Reached XP level 3. HP: 31/33 MP: 3/3
   931 | D:1      | Reached skill level 1 in Armour
  1081 | D:2      | Found a snail-covered altar of Cheibriados.
  1086 | D:2      | Reached XP level 4. HP: 35/40 MP: 4/4
  1335 | D:2      | Found a hide-covered altar of Uskayaw.
  1439 | D:2      | Reached skill level 5 in Axes
  1537 | D:2      | Found a stormy altar of Qazlal.
  1723 | D:3      | Reached XP level 5. HP: 34/47 MP: 5/5
  2060 | D:3      | Found a basalt altar of Yredelemnul.
  2226 | D:3      | Reached skill level 1 in Shields
  2232 | D:3      | Found an ornate altar of the Wu Jian Council.
  2895 | D:4      | Reached skill level 5 in Fighting
  2990 | D:4      | Reached XP level 6. HP: 13/56 MP: 6/6
  2998 | D:4      | HP: 2/56 [something/puff of flame (2)]
  3005 | D:4      | Killed from afar by an orc wizard

Vault maps used:
D:1:      onia_arrival_larder
D:2:      nicolae_qazlal_general_emergency, eat_drink_and_be_merry_uskayaw,
          kennysheep_slug_shrine
D:3:      nicolae_overflow_crystal_walls, overflow_temple_1_default,
          fountainhead
D:4:      kennysheep_kobold_camp, nicolae_dithmenos_the_darkroom, first_ration,
          serial_shops, nicolae_shop_trees, fedhas_altar_2, uniq_blork_the_orc

Skill      XL: |  1  2  3  4  5 |
---------------+----------------+-----
Fighting       | 4 5 |  5.2
Armour         | 1 2 |  2.8
Dodging        | 3 |  3.0
Axes           | 5 |  5.6
Shields        | 1 |  1.8
Stealth        | |  1.5

Action                   |  1- 3 |  4- 6 || total
-------------------------+-------+-------++-------
Melee: Hand axe          |   161 |   255 ||   416
  Use: Scroll            |       |     5 ||     5
 Stab: Sleeping          |     4 |       ||     4
  Eat: Chunk             |     1 |     6 ||     7
Armor: Robe              |     3 |       ||     3
       Plate armour      |   152 |   208 ||   360
Dodge: Dodged            |    45 |    34 ||    79
Block: Shield            |       |    79 ||    79

Table legend:
 A = Non-vault XP
 B = Vault XP
 C = Vault XP percentage of total XP
 D = Non-vault monster count
 E = Vault monster count
 F = Vault count percentage of total count
                 A         B        C        D         E       F
            +---------+---------+-------+---------+---------+-------
      Total |     364 |      15 |   4.0 |      86 |       8 |   8.5
            +---------+---------+-------+---------+---------+-------
        D:1 |      40 |      11 |  21.6 |      27 |       7 |  20.6
        D:2 |      97 |       4 |   4.0 |      35 |       1 |   2.8
        D:3 |      87 |       0 |   0.0 |      15 |       0 |   0.0
        D:4 |     140 |       0 |   0.0 |       9 |       0 |   0.0
            +---------+---------+-------+---------+---------+-------
